 Dungeon Crawl Stone Soup version 0.19.5 (webtiles) character file.

1741 epen the Martial Artist (level 8, -1/71 HPs)
             Began as a Black Draconian Monk on July 29, 2017.
             Shot themself with an orb of electricity (6 damage)
             ... on level 6 of the Dungeon.
             The game lasted 00:09:28 (5999 turns).

epen the Martial Artist (Black Draconian Monk)      Turns: 5999, Time: 00:09:29

Health: -1/71      AC: 10    Str: 13    XL:     8   Next: 77%
Magic:  10/10      EV: 16    Int: 10    God:
Gold:   341        SH:  0    Dex: 17    Spells: 1 memorised, 8 levels left

rFire  . . .     SeeInvis .       - Unarmed
rCold  . . .     Gourm    .     (armour unavailable)
rNeg   . . .     Faith    .     (no shield)
rPois  .         Spirit   .     (helmet restricted)
rElec  +         Reflect  .     (no cloak)
rCorr  .         Harm     .     (no gloves)
MR     .....                    r - +1 pair of boots
Stlth  ++........               (no amulet)
                                e - ring of flight
                                k - +2 ring of protection

@: no status effects
A: breathe lightning, unfitting armour, mutation resistance 1, electricity
resistance, cold-blooded, AC +6
a: Breathe Lightning, Evoke Flight


You were on level 6 of the Dungeon.
You were not hungry.

You visited 2 branches of the dungeon, and saw 8 of its levels.
You also visited: Sewer.

You collected 341 gold pieces.

Inventory:

Hand Weapons
 o - a +2 dagger of venom
 x - the +6 whip of Neurosis {slash, Str+7}
   (You found it on level 5 of the Dungeon)

   It inflicts extra damage upon your enemies.
   It affects your strength (+7).
Armour
 r - a +1 pair of boots (worn)
Rods
 v - a +5 lightning rod (9/9)
   (You found it on level 7 of the Dungeon)
Jewellery
 e - a ring of flight (right hand)
 k - a +2 ring of protection (left hand)
 n - an uncursed ring of ice
 y - an uncursed ring of fire
 F - a cursed ring of loudness {unknown}
Wands
 A - a wand of iceblast (9/15)
 B - a wand of lightning (6/15)
 E - a wand of flame (27/48)
Scrolls
 f - 5 scrolls of identify
 j - 5 scrolls of remove curse
 m - 2 scrolls of teleportation
 p - a scroll of enchant weapon {unknown}
 z - a scroll of fear {unknown}
Potions
 b - a potion of cure mutation
 c - a potion of agility
 g - 4 potions of flight
 i - a potion of heal wounds {unknown}
 q - a potion of invisibility {unknown}
 t - a potion of ambrosia {unknown}
 u - a potion of haste {unknown}
 C - a potion of lignification {unknown}
Books
 s - a book of Frost

   Spells                             Type                      Level
   a - Freeze                         Ice                          1
   b - Throw Frost                    Conjuration/Ice              2
   c - Ozocubu's Armour               Charms/Ice                   3
   d - Throw Icicle                   Conjuration/Ice              4
   e - Summon Ice Beast               Ice/Summoning                4
 w - a book of Air

   Spells                             Type                      Level
   a - Shock                          Conjuration/Air              1
   b - Swiftness                      Charms/Air                   2
   c - Repel Missiles                 Charms/Air                   2
   d - Static Discharge               Conjuration/Air              3
   e - Lightning Bolt                 Conjuration/Air              5
Comestibles
 a - 4 bread rations
 d - 2 meat rations
 h - 2 fruits
 D - 4 chunks of flesh


   Skills:
 + Level 6.7 Fighting
 + Level 5.7 Dodging
 - Level 1.7 Stealth
 * Level 8.1 Unarmed Combat
 + Level 1.6 Spellcasting
 + Level 2.6 Air Magic


You had 8 spell levels left.
You knew the following spells:

 Your Spells              Type           Power        Failure   Level  Hunger
a - Repel Missiles        Chrm/Air       #.....       30%         2    ###....


Dungeon Overview and Level Annotations

Branches:
Dungeon (7/15)             Temple (1/1) D:4

Altars:
Ashenzari
Cheibriados
Dithmenos
Fedhas
Gozag
Hepliaklqana
Kikubaaqudgha
Makhleb
Okawaru
Qazlal
Ru
Sif Muna
Trog
Uskayaw
Vehumet
Xom
Yredelemnul
Zin
The Shining One


Innate Abilities, Weirdness & Mutations

You can breathe wild blasts of lightning.
Your glossy black scales are hard. (AC +6)
You cannot fit into any form of body armour.
You are resistant to electric shocks. (rElec)
You are cold-blooded and may be slowed by cold attacks.
You are somewhat resistant to further mutation.


Message History

* * * LOW HITPOINT WARNING * * *
The worker ant bites you.
* * * LOW HITPOINT WARNING * * *
You are poisoned.
The worker ant poisons you!
You feel better. The worker ant bites you.
* * * LOW HITPOINT WARNING * * *
The orc barely misses you.
The orc wizard casts a spell.
The orc wizard blinks!
You breathe a wild blast of lightning!
The orb of electricity explodes!
The orb of electricity engulfs the orc.
You kill the orc!
The orb of electricity engulfs you! You resist.
* * * LOW HITPOINT WARNING * * *
The orb of electricity engulfs the worker ant.
You kill the worker ant!
The orb of electricity explodes!
The orb of electricity engulfs you! You resist.
You die...

#.####..##
#.# ####
##.# #..#
#.## ##.#
#..# ##..#
#)@.#
#))## #..#
...# #...#
#...#
..o.#
#...##


You could see an orc wizard.

Vanquished Creatures
  Purgy (Sewer)
  A necrophage (D:7)
  4 phantoms
  2 eyes of draining (D:7)
  2 ogres (D:7)
  Blork the orc (D:6)
  A bullfrog (D:6)
  A howler monkey (D:4)
  A crimson imp (D:6)
  2 jellies
  3 hounds
  2 orc priests (D:6)
  3 iguanas
  3 worker ants
  Natasha (twice) (D:4)
  8 adders
  5 gnolls
  A river rat (D:3)
  4 oozes
  An adder zombie (D:6)
  4 worms
  4 leopard geckos
  24 orcs
  2 ball pythons
  2 bat zombies (D:4)
  4 giant cockroaches
  5 goblins
  4 hobgoblins
  4 jackals
  4 quokkas
  9 bats
  8 frilled lizards
  4 kobolds
  A leopard gecko skeleton (D:4)
  9 rats
136 creatures vanquished.

Notes
Turn   | Place    | Note
-------+----------+-------------------------------------------
     0 | D:1      | epen the Draconian Monk began the quest for the Orb.
     0 | D:1      | Reached XP level 1. HP: 19/19 MP: 1/1
   409 | D:1      | Reached XP level 2. HP: 26/26 MP: 2/2
   722 | D:2      | Reached XP level 3. HP: 17/31 MP: 3/3
   875 | D:2      | Found a deep blue altar of Sif Muna.
  1280 | D:2      | Reached XP level 4. HP: 38/40 MP: 4/4
  1389 | D:2      | Reached skill level 4 in Unarmed Combat
  1606 | D:3      | Found a blossoming altar of Fedhas.
  1868 | D:3      | Found a glowing drain.
  1872 | Sewer    | Entered a sewer
  1924 | Sewer    | Noticed Purgy
  1938 | Sewer    | Killed Purgy
  1938 | Sewer    | Reached skill level 5 in Unarmed Combat
  1938 | Sewer    | Reached XP level 5. HP: 25/47 MP: 5/5
  2877 | D:4      | Found a glowing silver altar of Zin.
  2956 | D:4      | Found a staircase to the Ecumenical Temple.
  2962 | Temple   | Entered the Ecumenical Temple
  3214 | D:4      | Reached XP level 6. HP: 36/53 MP: 6/6
  3249 | D:4      | Found a hazy altar of Hepliaklqana.
  3249 | D:4      | Found a faded altar of an unknown god.
  3254 | D:4      | Found a faded altar of an unknown god.
  3256 | D:4      | Found a faded altar of an unknown god.
  3257 | D:4      | Found a faded altar of an unknown god.
  3361 | D:4      | Noticed Natasha
  3368 | D:4      | Killed Natasha
  3438 | D:4      | Gained mutation: You are somewhat resistant to further mutation. [potion of mutation]
  3494 | D:4      | Reached skill level 5 in Fighting
  3787 | D:4      | Noticed Natasha
  3795 | D:4      | Killed Natasha
  3870 | D:4      | Found an ancient bone altar of Kikubaaqudgha.
  4120 | D:4      | Your scales start taking on a glossy black colour.
  4120 | D:4      | Reached XP level 7. HP: 57/61 MP: 7/7
  4120 | D:4      | Gained mutation: You are resistant to electric shocks. (rElec) [Black Draconian growth]
  4178 | D:4      | You fall through a shaft for 3 floors!
  4193 | D:7      | Reached skill level 6 in Unarmed Combat
  4425 | D:7      | Found a bloodstained altar of Trog.
  4465 | D:7      | Reached skill level 7 in Unarmed Combat
  4552 | D:7      | Reached skill level 5 in Dodging
  4552 | D:7      | Reached XP level 8. HP: 61/68 MP: 8/8
  4615 | D:7      | Found an opulent altar of Gozag.
  4659 | D:7      | Found a shadowy altar of Dithmenos.
  4696 | D:7      | Learned a level 2 spell: Repel Missiles
  4824 | D:6      | Noticed Blork the orc
  4830 | D:5      | Entered Level 5 of the Dungeon
  5305 | D:5      | Reached skill level 1 in Spellcasting
  5305 | D:5      | Reached skill level 1 in Air Magic
  5416 | D:5      | Got an ichor-stained whip
  5417 | D:5      | Identified the +6 whip of Neurosis {slash, Str+7} (You found it on level 5 of the Dungeon)
  5963 | D:6      | Found a basalt altar of Yredelemnul.
  5970 | D:6      | Killed Blork the orc
  5970 | D:6      | Reached skill level 8 in Unarmed Combat
  5999 | D:6      | Shot themself with an orb of electricity

Skill      XL: |  1  2  3  4  5  6  7  8 |
---------------+-------------------------+-----
Dodging        | 3 4 5 |  5.7
Unarmed Combat | 5 7 8 |  8.1
Fighting       | 4 5 6 |  6.7
Spellcasting   | 1 |  1.6
Air Magic      | 2 |  2.6
Stealth        | |  1.7

Action                   |  1- 3 |  4- 6 |  7- 9 || total
-------------------------+-------+-------+-------++-------
Melee: Unarmed           |    94 |       |   184 ||   278
       Tailslap          |    11 |    26 |    60 ||    97
       Punch             |     4 |     3 |     9 ||    16
       Dagger            |    13 |   223 |    88 ||   324
       Whip              |       |       |     7 ||     7
  Use: Scroll            |       |    10 |     1 ||    11
       Potion            |       |     3 |     1 ||     4
 Stab: Sleeping          |     2 |    11 |     1 ||    14
  Eat: Chunk             |     1 |     4 |     7 ||    12
       Meat ration       |       |     1 |       ||     1
Armor: Skin              |    33 |    66 |    58 ||   157
Dodge: Dodged            |    73 |   162 |   156 ||   391
